 Dungeon Crawl Stone Soup version 0.29-a0-474-gdfe5cd140f (webtiles) character file.

Game seed: 3064137023088642205

24 xian the Conjurer (level 2, -3/20 HPs)
             Began as a Draconian Conjurer on May 24, 2022.
             Slain by Terence
             ... wielding a +4 vorpal hand axe
              (4 damage)
             ... on level 2 of the Dungeon.
             The game lasted 00:02:58 (1425 turns).

xian the Conjurer (Draconian Conjurer)              Turns: 1425, Time: 00:02:58

Health: -3/20      AC:  4    Str:  9    XL:     2   Next: 79%
Magic:  0/5        EV: 12    Int: 18    God:
Gold:   60         SH:  0    Dex:  9    Spells: 2/5 levels left

rFire   . . .      SeeInvis .   h - +0 short sword
rCold   . . .      Faith    .   (no shield)
rNeg    . . .      Spirit   .   (body armour unavailable)
rPois   .          Reflect  .   (helmet restricted)
rElec   .          Harm     .   (no cloak)
rCorr   .          Rampage  .   (no gloves)
Will    +....                   (no boots)
Stlth   ++........              (no amulet)
HPRegen 0.06/turn               g - ring of willpower
MPRegen 0.09/turn               (no ring)

@: no status effects
A: AC +4, unfitting armour, cold-blooded
a: no special abilities


You were on level 2 of the Dungeon.
You visited 1 branch of the dungeon, and saw 2 of its levels.

You collected 60 gold pieces.

Inventory:

Hand Weapons
 h - a +0 short sword (weapon)
Jewellery
 g - a ring of willpower (left hand)
Scrolls
 b - a scroll of fear {unknown}
 c - 2 scrolls of identify {unknown}
 f - a scroll of magic mapping {unknown}
Potions
 a - a potion of magic
 d - 2 potions of lignification {unknown}
 e - a potion of flight {unknown}


   Skills:
 + Level 1.9 Dodging
 + Level 1.9 Stealth
 + Level 2.0 Spellcasting
 + Level 4.7 Conjurations


You had 2 spell levels left.
You knew the following spells:

 Your Spells              Type           Power      Damage    Failure   Level
a - Magic Dart            Conj           72%        1d6       2%          1
b - Searing Ray           Conj           36%        2d5       4%          2

Your spell library contained the following spells:

 Spells                   Type           Power      Damage    Failure   Level
 Slow                     Hex            4%         N/A       19%         1
 Dazzling Flash           Conj/Hex       20%        N/A       21%         3
 Confusing Touch          Hex            1%         N/A       47%         3
 Summon Guardian Golem    Hex/Summ       1%         N/A       47%         3
 Vampiric Draining        Necr           1%         2d6       47%         3
 Fulminant Prism          Conj/Hex       5%         3d7       56%         4
 Iskenderun's Mystic Bla  Conj/Tloc      10%        2d4       56%         4
 Orb of Destruction       Conj           9%         9d6       100%        7
 Spellforged Servitor     Conj/Summ      5%         N/A       100%        7


Dungeon Overview and Level Annotations

Branches:
Dungeon (2/15)

Altars:

Annotations:
D:2 Terence


Innate Abilities, Weirdness & Mutations

Your plain brown scales are hard. (AC +4)
You cannot fit into any form of body armour.
You are cold-blooded and may be slowed by cold attacks.


Message History

That beam is likely to hit you.
Continue anyway? [Y]es or [N]o only, please.
That beam is likely to hit you.
Continue anyway? [Y]es or [N]o only, please.
That beam is likely to hit you.
Continue anyway?
Okay, then.
Your magical contamination has completely faded away.
There is an open door here.
You open the door.
There is an open door here.
You see here 16 stones.
There is a stone staircase leading down here.
You climb downwards.
Found a scroll labelled GUCIRR SOOF.
There is a stone staircase leading up here.
Memorise Searing Ray, consuming 2 spell levels and leaving 2?
You start memorising the spell.
You continue memorising. x2
You finish memorising.
Spell assigned to 'b'.
Casting: Magic Dart (safe; 2% risk of failure)
Confirm with . or Enter, or press ? or * to list all spells.
Aiming: Searing Ray (safe; 4% risk of failure)
Press: ? - help, Shift-Dir - straight line, f - Terence
Aim: Terence, wielding a +4 vorpal hand axe and wearing a +2 chain mail of cold resistance (84% to hit)
The searing ray hits Terence.
Terence is lightly wounded. (Press . to maintain the ray.)
The searing ray hits Terence.
Terence is moderately wounded.
Terence hits you with a +4 vorpal hand axe!
The rat twitches its whiskers.
The searing ray hits Terence!
Terence is severely wounded.
Terence closely misses you.
The searing ray hits Terence but does no damage.
Terence is severely wounded.
You finish channelling your searing ray.
Terence hits you with a +4 vorpal hand axe!
* * * LOW HITPOINT WARNING * * *
x2 Terence hits you with a +4 vorpal hand axe.
You die...

.###.##.# .#
........####.##
...............
...............
...............
.........r.....
.......@......?
.......@.......
.......#.......
....... ....###
.###### ....#
..#... ...J...
..##### ...


You could see Terence, an endoplasm (asleep) and a rat.

Vanquished Creatures
  A dart slug (D:1)
  2 bats (D:1)
  4 endoplasms (D:1)
  A goblin (D:1)
  A hobgoblin (D:1)
  4 kobolds (D:1)
  2 ball pythons (D:1)
  2 frilled lizards (D:1)
  6 rats (D:1)
23 creatures vanquished.

Vanquished Creatures (others)
  4 plants (D:1)
4 creatures vanquished.

Grand Total: 27 creatures vanquished

Notes
Turn   | Place    | Note
-------+----------+-------------------------------------------
     0 | D:1      | xian the Draconian Conjurer began the quest for the Orb.
     0 | D:1      | Reached XP level 1. HP: 14/14 MP: 3/3
   229 | D:1      | Reached XP level 2. HP: 20/20 MP: 1/5
  1417 | D:2      | Noticed Terence
  1421 | D:2      | Learned a level 2 spell: Searing Ray
  1424 | D:2      | HP: 1/20 [Terence/+4 vorpal hand axe (1)]
  1425 | D:2      | Slain by Terence

Illustrated notes

Levels and vault maps discovered:
D:1:      dpeg_arrival_long_road, layout_basic, serial_forest,
          infiniplex_forest_straight_3, infiniplex_forest_zigzag_1,
          infiniplex_forest_lined_4_way, infiniplex_forest_zigzag_2,
          infiniplex_forest_clump_curved
D:2:      layout_rooms, shapermc_ecumenical_altar_mp_vishouse, uniq_natasha,
          uniq_jessica, uniq_terence

Action                   || total
-------------------------++-------
Melee: Short sword       ||    87
       Tailslap          ||    31
       Punch             ||     1
 Cast: Magic Dart        ||    39
       Searing Ray       ||     1
Armor: Skin              ||     2
Dodge: Dodged            ||     2

Table legend: (Time is in decaauts)
 A = Elapsed time spent in this place.
 B = Non-inter-level travel time spent in this place.
 C = Inter-level travel time spent in this place.
 D = Time resting spent in this place.
 E = Time spent auto-exploring this place.
 F = Levels seen in this place.
 G = Mean time per level.
                   A        B        C        D        E       F      G
               +--------+--------+--------+--------+--------+-----+--------+
         Total |   1431 |   1396 |     35 |      0 |   1135 |   2 |  715.5 |
       Dungeon |   1431 |   1396 |     35 |      0 |   1135 |   2 |  715.5 |
               +--------+--------+--------+--------+--------+-----+--------+

Top non-repeatable levels by time:
     D:1: 1424 daAuts
     D:2: 7 daAuts
